AoeStats
← Villain

Hideout

507661359Analyzed
1v1 RM · 14d ago on Sep 19, 2026· 41m 39s· 2 players
Game mode
Random Map
Map size
Tiny (2 player)
Population
200
Speed
Normal
Resources
Standard
Victory
Conquest
Starting age
Dark Age
Ending age
Imperial Age
RankedLock teamsTeams togetherTeam positionsShared explorationLock speedFull tech treeHidden civsTurbo modeCheats
Victory
Defeat
🇲🇳 Gurjaras · Mongolia
1085
+15
🇦🇺 Celts · Australia
1070
-18
Smash
8:59 Loom
10:45 Feudal Age
12:30 Double-Bit Axe
15:23 Castle Age
14:56 Horse Collar
16:30 Bow Saw
17:56 Heavy Plow
20:22 Gold Mining
22:06 Wheelbarrow
22:24 Stone Mining
23:21 Heavy Plow
24:50 Hand Cart
25:50 Gold Shaft Mining
26:53 Fletching
29:46 Imperial Age
26:51 Pikeman
28:18 Scale Mail Armor
28:29 Pikeman
29:27 Chain Mail Armor
29:39 Town Watch
31:21 Forging
31:45 Conscription
31:07 Halberdier
34:35 Iron Casting
35:34 Plate Mail Armor
34:40 Heavy Scorpion
37:42 Siege Engineers
37:04 Man-at-Arms
39:17 Chemistry
38:39 Ballistics
37:56 Long Swordsman
Villain
9:50 Feudal Age
8:05 Loom
10:26 Horse Collar
10:33 Double-Bit Axe
19:27 Castle Age
18:11 Bloodlines
18:01 Fletching
19:15 Gold Mining
19:39 Forging
19:36 Scale Barding Armor
20:11 Heavy Plow
20:24 Bow Saw
20:17 Town Watch
23:28 Gold Shaft Mining
22:44 Stone Mining
29:10 Wheelbarrow
29:43 Elite Skirmisher
33:15 Imperial Age
32:22 Iron Casting
31:48 Scale Mail Armor
33:26 Thumb Ring
34:30 Chain Mail Armor
39:57 Elite Chakram Thrower
Connection lost

Rejoining the realm…

Still unreachable

The connection could not be restored.

Session expired

The server has moved on; the page needs a fresh start.